 Dungeon Crawl Stone Soup version bcrawl-1.32 (webtiles) character file.

Game seed: 1970137679699142794

266745 Morbidden the Sneak (level 5, 20/39 HPs)
             Began as a Demonspawn Archaeologist on June 20, 2021.
             Quit the game on level 2 of the Dungeon.
             The game lasted 00:01:58 (1204 turns).

Morbidden the Sneak (Demonspawn Archaeologist)      Turns: 1204, Time: 00:01:59

Health: 20/39      AC:  7    Str: 14    XL:     5   Next: 60%
Magic:  5/5        EV: 14    Int: 16    God:
Gold:   85         SH:  0    Dex: 17    Spells: 4/4 levels left

rFire    + . .     SeeInvis .   r - -1 short sword (curse)
rCold    . . .     Gourm    .   (no shield)
rNeg     . . .     Faith    .   c - +1 robe
rPois    +         Spirit   .   d - +1 hat
rElec    .         Reflect  .   (no cloak)
rCorr    .         Harm     .   (no gloves)
MR       .....                  m - +1 pair of boots
Stlth    +.........             o - amulet of the acrobat
HPRegen  0.13/turn              h - ring of Quklet {rPois rF+ Str+2 Dex+6}
MPRegen  0.09/turn              s - ring of attention (curse)

@: no status effects
A: talons 1, rugged brown scales 1
a: no special abilities


You were on level 2 of the Dungeon.
You were hungry.

You visited 1 branch of the dungeon, and saw 2 of its levels.

You collected 85 gold pieces.

Inventory:

Hand Weapons
 a - a +0 whip
 b - a +0 blowgun
 n - a +1 vampiric spear
 r - a cursed -1 short sword (weapon)
Missiles
 f - 4 curare-tipped needles
 k - 139 sling bullets
Armour
 c - a +1 robe (worn)
 d - a +1 hat (worn)
 m - a +1 pair of boots (worn)
Jewellery
 h - the ring of Quklet (left hand) {rPois rF+ Str+2 Dex+6}
   (You acquired it on level 2 of the Dungeon)

   [ring of dexterity]

   It affects your strength (+2).
   It affects your dexterity (+6).
   It protects you from fire.
   It protects you from poison.
 o - an amulet of the acrobat (around neck)
 s - a cursed ring of attention (right hand)
Scrolls
 g - a scroll of magic mapping
Potions
 j - a potion of berserk rage {unknown}
 l - 2 potions of lignification {unknown}
 q - a potion of curing {unknown}
Comestibles
 e - 3 rations {!d}
 i - 3 chunks of flesh


   Skills:
 + Level 2.2 Fighting
 + Level 3.2 Maces & Flails
 + Level 3.6 Dodging
 + Level 4.0 Stealth


You had 4 spell levels left.
You didn't know any spells.
Your spell library was empty.

Dungeon Overview and Level Annotations

Branches:
Dungeon (2/12)

Altars:


Innate Abilities, Weirdness & Mutations

You have sharp toenails.
You are partially covered in rugged brown scales. (AC +1, +3% HP)


Message History

You barely miss the goblin. The goblin barely misses you.
You hit the goblin.
You kill the goblin!
Things that are here:
a +0 club; a frilled lizard corpse You see here a leopard gecko corpse.
You see here a +0 short sword.
The giant cockroach barely misses you.
The giant cockroach completely misses you.
The giant cockroach closely misses you.
The giant cockroach completely misses you.
A giant cockroach is nearby!
You are too injured to fight recklessly!
A giant cockroach is nearby!
You are too injured to fight recklessly!
You are too injured to fight recklessly!
You are too injured to fight recklessly!
The giant cockroach completely misses you.
The giant cockroach bites you but does no damage.
Are you sure you want to abandon this character and quit the game? (Confirm with "yes".)

#..#............# .#
#.?...[.......####.##
###..................
#................###.
.....#................. ....
###.##...............# .... #.
#..............# ... #.
#[.............# ..#
#...@.....!....# ..##
##...s.....).s## ..#
##(........!..## ####.###
##.####...#...# #...<..# #.#
#.....#.# #......# #.# #..†###
. .. #......# # ##.#
#...#####....
#......#.####..#####....)......
#.................†)†#####.....


You could see a giant cockroach.

Vanquished Creatures
  Sigmund (D:2)
  An adder (D:2)
  3 dart slugs
  4 leopard geckos
  2 giant cockroaches (D:1)
  4 goblins
  5 hobgoblins
  5 bats
  3 frilled lizards
  6 kobolds
  3 rats (D:1)
37 creatures vanquished.

Notes
Turn   | Place    | Note
-------+----------+-------------------------------------------
     0 | D:1      | Morbidden the Demonspawn Archaeologist began the quest for
                  | the Orb.
     0 | D:1      | Reached XP level 1. HP: 15/15 MP: 1/1
   380 | D:1      | Reached skill level 1 in Maces & Flails
   383 | D:1      | Gained mutation: You have sharp toenails. [demonic
                  | ancestry]
   383 | D:1      | Reached XP level 2. HP: 21/21 MP: 2/2
   900 | D:1      | Gained mutation: You are partially covered in rugged brown
                  | scales. (AC +1, +3% HP) [demonic ancestry]
   900 | D:1      | Reached XP level 3. HP: 21/26 MP: 3/3
  1090 | D:2      | Noticed Sigmund
  1100 | D:2      | Killed Sigmund
  1101 | D:2      | Reached XP level 4. HP: 33/33 MP: 4/4
  1101 | D:2      | Reached XP level 5. HP: 39/39 MP: 5/5
  1101 | D:2      | Identified a scroll of acquirement
  1101 | D:2      | Identified the +3 halberd of Gewatt {chop, +Blink} (You
                  | acquired it on level 2 of the Dungeon)
  1101 | D:2      | Identified the +0 pair of boots "Nuap" {rF+ Str+2} (You
                  | acquired it on level 2 of the Dungeon)
  1101 | D:2      | Identified the ring of Quklet {rPois rF+ Str+2 Dex+6} (You
                  | acquired it on level 2 of the Dungeon)
  1151 | D:2      | Reached skill level 4 in Stealth
  1204 | D:2      | Quit the game

Skill      XL: |  1  2  3  4  5 |
---------------+----------------+-----
Maces & Flails | 1 3 |  3.2
Dodging        | 3 |  3.6
Fighting       | 2 |  2.2
Stealth        | 4 |  4.0

Action                   |  1- 3 |  4- 6 || total
-------------------------+-------+-------++-------
Melee: Whip              |   103 |    15 ||   118
       Short sword       |       |    28 ||    28
 Fire: Blowgun           |     2 |       ||     2
  Use: Scroll            |     1 |     2 ||     3
 Stab: Sleeping          |     2 |       ||     2
  Eat: Chunk             |     4 |       ||     4
Armor: Robe              |    32 |    15 ||    47
Dodge: Dodged            |    72 |    52 ||   124
